 Dungeon Crawl Stone Soup version 0.21.1-1-g345015f (webtiles) character file.

5487 s04p the Martial Artist (level 10, -1/82 HPs)
             Began as a Gnoll Monk on Feb 12, 2018.
             Slain by a two-headed ogre
             ... wielding a +0 giant club
              (22 damage)
             ... on level 8 of the Dungeon.
             The game lasted 00:31:34 (9042 turns).

s04p the Martial Artist (Gnoll Monk)                Turns: 9042, Time: 00:31:34

Health: -1/82      AC:  8    Str: 15 (16) XL:     10   Next: 69%
Magic:  18/18      EV: 18    Int: 10 (13) God:
Gold:   582        SH:  0    Dex: 16 (18) Spells: 19/19 levels left

rFire    . . .     SeeInvis .     - Unarmed
rCold    . . .     Gourm    +   (no shield)
rNeg     + . .     Faith    .   T - +0 troll leather armour {Purgy}
rPois    .         Spirit   .   q - +0 helmet
rElec    .         Reflect  .   (no cloak)
rCorr    +         Harm     .   P - +0 pair of gloves
MR       .....                  X - +0 pair of boots
Stlth    +++.......             W - amulet of the gourmand
HPRegen  0.63/turn              Z - ring of resist corrosion
MPRegen  0.16/turn              i - ring of positive energy

@: no status effects
A: distributed training, fangs 1, strong nose
a: no special abilities


You were on level 8 of the Dungeon.
You were full.

You visited 2 branches of the dungeon, and saw 9 of its levels.
You also visited: Sewer.

You collected 582 gold pieces.

Inventory:

Armour
 q - a +0 helmet (worn)
 P - a +0 pair of gloves (worn)
 T - a +0 troll leather armour (worn) {Purgy}
 X - a +0 pair of boots (worn)
Jewellery
 i - a ring of positive energy (right hand)
 s - an uncursed ring of positive energy
 I - an uncursed amulet of faith
 J - an uncursed ring of see invisible
 W - an amulet of the gourmand (around neck)
 Z - a ring of resist corrosion (left hand)
Wands
 F - a wand of iceblast (7)
 N - a wand of scattershot (5)
 R - a wand of disintegration (11)
Scrolls
 a - 2 scrolls of identify
 g - 2 scrolls of remove curse
 h - 2 scrolls of magic mapping
 l - 2 scrolls of amnesia
 r - 2 scrolls of enchant weapon
 K - a scroll of holy word {unknown}
 O - a scroll of teleportation
Potions
 t - 2 potions of curing
 B - a potion of degeneration
 G - 2 potions of might
 S - 2 potions of mutation {unknown}
 U - 2 potions of heal wounds {unknown}
 V - a potion of haste {unknown}
 Y - a potion of brilliance {unknown}
Books
 c - a book of Changes

   Spells                             Type                      Level
   a - Beastly Appendage              Transmutation                1
   b - Sticks to Snakes               Transmutation                2
   c - Spider Form                    Transmutation/Poison         3
   d - Ice Form                       Ice/Transmutation            4
   e - Blade Hands                    Transmutation                5
Comestibles
 b - 8 rations


   Skills:
 + Level 8.6 Fighting
 + Level 5.4 Short Blades
 + Level 5.4 Long Blades
 + Level 5.4 Axes
 + Level 5.4 Maces & Flails
 + Level 5.4 Polearms
 + Level 5.4 Staves
 + Level 5.4 Slings
 + Level 5.4 Bows
 + Level 5.4 Crossbows
 + Level 5.4 Throwing
 + Level 5.4 Armour
 + Level 8.6 Dodging
 + Level 6.9 Stealth
 + Level 5.4 Shields
 + Level 8.6 Unarmed Combat
 + Level 5.4 Spellcasting
 + Level 4.4 Conjurations
 + Level 4.4 Hexes
 + Level 4.4 Charms
 + Level 4.4 Summonings
 + Level 4.4 Necromancy
 + Level 4.4 Translocations
 + Level 4.4 Transmutations
 + Level 4.4 Fire Magic
 + Level 4.4 Ice Magic
 + Level 4.4 Air Magic
 + Level 4.4 Earth Magic
 + Level 4.4 Poison Magic
 + Level 6.0 Invocations
 + Level 5.4 Evocations


You had 19 spell levels left.
You didn't know any spells.

Dungeon Overview and Level Annotations

Branches:
Dungeon (8/15)             Temple (1/1) D:6
   Lair: D:8-11

Altars:
Ashenzari
Cheibriados
Dithmenos
Elyvilon
Fedhas
Gozag
Kikubaaqudgha
Makhleb
Nemelex Xobeh
Ru
Sif Muna
Vehumet
Yredelemnul
The Shining One


Innate Abilities, Weirdness & Mutations

Your experience applies equally to all skills.
You have very sharp teeth.
Your uncanny sense of smell can sniff out nearby items.


Message History

The phantom is almost destroyed.
The phantom closely misses you.
You punch the phantom!
You destroy the phantom!
Your Invocations skill increases to level 6!
You punch the two-headed ogre!
The two-headed ogre is moderately wounded.
The two-headed ogre hits you with a giant club!!
The two-headed ogre hits you with a giant club!
You hit the two-headed ogre but do no damage.
The two-headed ogre is moderately wounded.
The two-headed ogre completely misses you.
The two-headed ogre hits you with a giant club!
* * * LOW HITPOINT WARNING * * *
You eat one of the 9 rations.
That ration really hit the spot!
It was a potion of degeneration.
There was something very wrong with that liquid.
You feel weakened.
You feel dopey.
You feel clumsy.
The two-headed ogre hits you with a giant club!!
You die...

########### #.........# #
#.......... .. #####
#.........#
...###..)#########..........
...§..§§))(.........######..
....§§..###########.######..
....§§...{O@....#.....l.l#..
........[.#####.#.#.####h#..
...###.##.# #.#.#<.Z.#†# ..
#....# #.#.#)...#.# . ####.#
#.#.#.##.#.. #..
#.#.#.##.### ... .......###
# #..# ###.### ∆ .... .##


You could see a two-headed ogre.

Vanquished Creatures
  2 two-headed ogres (D:8)
  A polar bear (D:8)
  A basilisk (D:7)
  2 hungry ghosts
  A yak (D:8)
  A water moccasin (D:8)
  3 ice beasts
  An orc warrior (D:8)
  Purgy (Sewer)
  2 phantoms
  4 ogres
  A centaur (D:6)
  4 bullfrogs
  A gnoll sergeant (D:8)
  2 scorpions
  6 wights (D:6)
  4 killer bees (D:7)
  A howler monkey (D:4)
  6 crimson imps
  A bullfrog zombie (D:5)
  3 hounds
  3 bullfrog skeletons
  3 orc priests
  A gnoll shaman (D:4)
  2 centaur skeletons
  2 iguanas (D:7)
  Natasha (thrice) (D:3)
  7 orc wizards
  6 worker ants
  A centaur simulacrum (D:8)
  A hound zombie (D:5)
  10 adders
  11 gnolls
  2 shadow imps
  A white imp (D:8)
  An ufetubus (D:8)
  An ooze (D:4)
  An adder skeleton (D:6)
  An adder zombie (D:5)
  3 worms
  A dart slug (D:1)
  7 leopard geckos
  22 orcs
  A ball python (D:3)
  8 giant cockroaches
  13 goblins
  8 hobgoblins
  3 jackals (D:8)
  13 kobolds
  4 quokkas
  7 bats
  8 frilled lizards
  A leopard gecko skeleton (D:5)
  A quokka skeleton (D:6)
  5 rats
210 creatures vanquished.

Notes
Turn   | Place    | Note
-------+----------+-------------------------------------------
     0 | D:1      | s04p the Gnoll Monk began the quest for the Orb.
     0 | D:1      | Reached XP level 1. HP: 23/23 MP: 1/1
   234 | D:1      | Reached XP level 2. HP: 29/29 MP: 2/2
   848 | D:2      | Reached XP level 3. HP: 35/35 MP: 3/3
  1071 | D:2      | Reached skill level 1 in Invocations
  1151 | D:2      | Reached skill level 1 in Short Blades
  1151 | D:2      | Reached skill level 1 in Long Blades
  1151 | D:2      | Reached skill level 1 in Axes
  1151 | D:2      | Reached skill level 1 in Maces & Flails
  1151 | D:2      | Reached skill level 1 in Polearms
  1151 | D:2      | Reached skill level 1 in Staves
  1151 | D:2      | Reached skill level 1 in Slings
  1151 | D:2      | Reached skill level 1 in Bows
  1151 | D:2      | Reached skill level 1 in Crossbows
  1151 | D:2      | Reached skill level 1 in Throwing
  1151 | D:2      | Reached skill level 1 in Armour
  1151 | D:2      | Reached skill level 1 in Shields
  1151 | D:2      | Reached skill level 1 in Spellcasting
  1151 | D:2      | Reached skill level 1 in Evocations
  1156 | D:2      | Reached XP level 4. HP: 33/41 MP: 5/5
  1563 | D:3      | Found a shattered altar of Ashenzari.
  1686 | D:3      | Noticed Natasha
  1713 | D:3      | Reached skill level 1 in Conjurations
  1713 | D:3      | Reached skill level 1 in Hexes
  1713 | D:3      | Reached skill level 1 in Charms
  1713 | D:3      | Reached skill level 1 in Summonings
  1713 | D:3      | Reached skill level 1 in Necromancy
  1713 | D:3      | Reached skill level 1 in Translocations
  1713 | D:3      | Reached skill level 1 in Transmutations
  1713 | D:3      | Reached skill level 1 in Fire Magic
  1713 | D:3      | Reached skill level 1 in Ice Magic
  1713 | D:3      | Reached skill level 1 in Air Magic
  1713 | D:3      | Reached skill level 1 in Earth Magic
  1713 | D:3      | Reached skill level 1 in Poison Magic
  1789 | D:3      | Killed Natasha
  1789 | D:3      | Reached XP level 5. HP: 22/47 MP: 5/7
  1994 | D:3      | Noticed Natasha
  2012 | D:3      | Killed Natasha
  2111 | D:3      | Noticed Natasha
  2119 | D:3      | Killed Natasha
  2240 | D:3      | Reached XP level 6. HP: 40/53 MP: 8/8
  2839 | D:4      | Reached XP level 7. HP: 44/59 MP: 10/10
  3246 | D:4      | Found a shattered altar of Ashenzari.
  3989 | D:5      | Entered Level 5 of the Dungeon
  4152 | D:5      | Reached skill level 5 in Stealth
  4280 | D:5      | Reached XP level 8. HP: 26/67 MP: 12/12
  5403 | D:6      | Reached XP level 9. HP: 48/72 MP: 14/14
  5461 | D:6      | Found a glowing drain.
  5504 | Sewer    | Entered a sewer
  5528 | Sewer    | Noticed Purgy
  5537 | Sewer    | Killed Purgy
  5929 | D:6      | Found a staircase to the Ecumenical Temple.
  5935 | Temple   | Entered the Ecumenical Temple
  7369 | D:7      | Found an ancient bone altar of Kikubaaqudgha.
  7730 | D:7      | Reached skill level 5 in Invocations
  8028 | D:8      | Noticed a two-headed ogre
  8037 | D:8      | Killed a two-headed ogre
  8037 | D:8      | Reached XP level 10. HP: 29/80 MP: 15/17
  8321 | D:8      | Noticed a two-headed ogre
  8335 | D:8      | HP: 4/80 [two-headed ogre/giant club (21)]
  8337 | D:8      | Killed a two-headed ogre
  8337 | D:8      | Reached skill level 5 in Short Blades
  8337 | D:8      | Reached skill level 5 in Long Blades
  8337 | D:8      | Reached skill level 5 in Axes
  8337 | D:8      | Reached skill level 5 in Maces & Flails
  8337 | D:8      | Reached skill level 5 in Polearms
  8337 | D:8      | Reached skill level 5 in Staves
  8337 | D:8      | Reached skill level 5 in Slings
  8337 | D:8      | Reached skill level 5 in Bows
  8337 | D:8      | Reached skill level 5 in Crossbows
  8337 | D:8      | Reached skill level 5 in Throwing
  8337 | D:8      | Reached skill level 5 in Armour
  8337 | D:8      | Reached skill level 5 in Shields
  8337 | D:8      | Reached skill level 5 in Spellcasting
  8337 | D:8      | Reached skill level 5 in Evocations
  9012 | D:8      | Noticed a two-headed ogre
  9042 | D:8      | Slain by a two-headed ogre

Skill      XL: |  1  2  3  4  5  6  7  8  9 10 |
---------------+-------------------------------+-----
Invocations    | 1 2 3 4 5 6 |  6.0
Short Blades   | 1 2 3 4 5 |  5.4
Long Blades    | 1 2 3 4 5 |  5.4
Axes           | 1 2 3 4 5 |  5.4
Maces & Flails | 1 2 3 4 5 |  5.4
Polearms       | 1 2 3 4 5 |  5.4
Staves         | 1 2 3 4 5 |  5.4
Slings         | 1 2 3 4 5 |  5.4
Bows           | 1 2 3 4 5 |  5.4
Crossbows      | 1 2 3 4 5 |  5.4
Throwing       | 1 2 3 4 5 |  5.4
Armour         | 1 2 3 4 5 |  5.4
Shields        | 1 2 3 4 5 |  5.4
Spellcasting   | 1 2 3 4 5 |  5.4
Evocations     | 1 2 3 4 5 |  5.4
Conjurations   | 1 2 3 4 |  4.4
Hexes          | 1 2 3 4 |  4.4
Charms         | 1 2 3 4 |  4.4
Summonings     | 1 2 3 4 |  4.4
Necromancy     | 1 2 3 4 |  4.4
Translocations | 1 2 3 4 |  4.4
Transmutations | 1 2 3 4 |  4.4
Fire Magic     | 1 2 3 4 |  4.4
Ice Magic      | 1 2 3 4 |  4.4
Air Magic      | 1 2 3 4 |  4.4
Earth Magic    | 1 2 3 4 |  4.4
Poison Magic   | 1 2 3 4 |  4.4
Fighting       | 7 8 |  8.6
Dodging        | 7 8 |  8.6
Unarmed Combat | 7 8 |  8.6
Stealth        | 5 6 |  6.9

Action                   |  1- 3 |  4- 6 |  7- 9 | 10-12 || total
-------------------------+-------+-------+-------+-------++-------
Melee: Unarmed           |    63 |   159 |   514 |   204 ||   940
       Bite              |     3 |    24 |    59 |    40 ||   126
       Punch             |     3 |     5 |    20 |    13 ||    41
Throw: Throwing net      |       |       |       |     1 ||     1
Evoke: Wand              |       |       |     1 |       ||     1
  Use: Scroll            |       |     3 |    10 |       ||    13
       Potion            |       |     3 |       |     1 ||     4
 Stab: Sleeping          |    13 |     3 |    12 |     1 ||    29
       Distracted        |       |       |       |     1 ||     1
  Eat: Chunk             |     1 |     5 |     6 |     5 ||    17
       Ration            |       |       |     5 |     1 ||     6
Armor: Robe              |     7 |       |       |       ||     7
       Leather armour    |     9 |    10 |       |       ||    19
       Ring mail         |       |     2 |    66 |       ||    68
       Troll leather arm |       |       |    23 |    38 ||    61
Dodge: Dodged            |    58 |    93 |   307 |   156 ||   614
